 Dungeon Crawl Stone Soup version 0.31-a0-182-gc5ef74bbde (webtiles) character file.

Game seed: 9619873460362294174

287 qw the Chopper (level 6, 0/39 HPs)
             Began as a Gargoyle Fighter on June 20, 2023.
             Killed from afar by Edmund (6 damage)
             ... with a puff of flame
             ... on level 3 of the Dungeon.
             The game lasted 00:01:29 (2367 turns).

qw the Chopper (Gargoyle Fighter)                   Turns: 2367, Time: 00:01:30

Health: 0/39       AC: 12    Str: 22    XL:     6   Next: 30%
Magic:  6/6        EV:  9    Int:  8    God:
Gold:   105        SH:  4    Dex:  9    Spells: 5/5 levels left

rFire   . . .        n - +0 war axe (spect)
rCold   . . .        c - +0 buckler
rNeg    + . .        b - +0 scale mail
rPois   inf          (no helmet)
rElec   +            p - +0 cloak
rCorr   +            (no gloves)
SInv    .            (no boots)
Will    .....        (no amulet) Stlth
                     a - ring of resist corrosion
HPRegen 0.26/turn    (no ring)
MPRegen 0.10/turn

%: no passive effects
@: no status effects
A: sickness immunity, AC +4, negative energy resistance 1, electricity
resistance, torment resistance 1, petrification resistance
a: no special abilities


You were on level 3 of the Dungeon.
You visited 1 branch of the dungeon, and saw 4 of its levels.

You collected 159 gold pieces.
You spent 54 gold pieces at shops.


Innate Abilities, Weirdness & Mutations

You are immune to sickness and miasma.
Your stone body is resilient. (AC +4)
You are immune to poison.
You resist negative energy. (rN+)
You are resistant to electric shocks. (rElec)
You are resistant to unholy torment.
You are immune to petrification.


   Skills:
 - Level 4.7 Fighting
 - Level 5.1 Axes
 - Level 3.2 Armour
 + Level 0.1 Dodging
 - Level 3.2 Shields


You had 5 spell levels left.
You didn't know any spells.
Your spell library was empty.

Inventory:

Hand Weapons
 h - a +0 flail
 n - a +0 spectral war axe (weapon)
Armour
 b - a +0 scale mail (worn)
 c - a +0 buckler (worn)
 p - a +0 cloak (worn)
Jewellery
 a - a ring of resist corrosion (left hand)
Potions
 d - a potion of might
 e - a potion of brilliance {unknown}
 g - a potion of curing {unknown}
 k - a potion of attraction
 l - a potion of cancellation {unknown}
 q - a potion of enlightenment {unknown}

Dungeon Overview and Level Annotations

Branches:
Dungeon (4/15)
 Temple: D:4-7

Altars:
Ashenzari
Dithmenos
Fedhas
Makhleb
Ru
Trog
Vehumet
Xom
Yredelemnul
The Shining One

Shops:
D:2 (   D:3 [

Annotations:
D:3 Edmund


Message History

You barely miss Edmund.
Edmund is moderately wounded.
Edmund hits you with a +2 dire flail of protection.
2357 ||| DRINKING potion of heal wounds.
You feel much better. Edmund barely misses you.
You slash Edmund!
Edmund is heavily wounded.
Edmund hits you with a +2 dire flail of protection.
You barely miss Edmund.
Edmund is heavily wounded.
Edmund hits you but does no damage.
Edmund hits you with a +2 dire flail of protection.
You closely miss Edmund.
Edmund is heavily wounded.
Edmund hits you with a +2 dire flail of protection.
You hit Edmund.
Edmund is heavily wounded.
Edmund barely misses you.
You barely miss Edmund.
Edmund is heavily wounded.
Edmund hits you with a +2 dire flail of protection.
You slash Edmund!
Edmund is severely wounded.
Edmund barely misses you. You block Edmund's attack.
You hit Edmund.
Edmund is severely wounded.
Edmund zaps a wand.
The puff of flame hits you!
You hit Edmund.
Edmund is almost dead.
Edmund hits you with a +2 dire flail of protection.
You hit Edmund but do no damage.
Edmund is almost dead.
Edmund hits you but does no damage.
Edmund hits you with a +2 dire flail of protection.
You hit Edmund but do no damage.
Edmund is almost dead.
Edmund says, "People think my brother is the best.
I think he's crazy."
Edmund zaps a wand.
The puff of flame hits you.
You die...

#.#.............##.##########
#.####.#.......###.### #.#
#...............#
#>####.............#.#
#...............####.#
##############..####.#
#.......# #@####### #########@#
#.........# #####.........#
###...#..######.##############
#..._.......##...............#
##._..._..##.#.....##########.#
..........##......## #.#
.._..}.._).......## #.#
..........######.# #.#


You could see Edmund.

Vanquished Creatures
  A centaur (D:3)
  An orc priest (D:3)
  Ijyb (D:3)
  An orc wizard (D:3)
  5 adders
  A white imp (D:2)
  A dart slug (D:1)
  2 worms (D:3)
  9 orcs
  5 bats
  2 endoplasms (D:2)
  3 giant cockroaches
  5 goblins
  5 hobgoblins
  2 jackals (D:1)
  5 kobolds
  5 ball pythons
  3 frilled lizards
  A goblin skeleton (D:3)
  A goblin zombie (D:3)
  4 hobgoblin zombies (D:3)
  A kobold skeleton (D:3)
  A kobold zombie (D:3)
  An orc zombie (D:3)
  2 rats (D:2)
68 creatures vanquished.

Notes
Turn   | Place    | Note
-------+----------+-------------------------------------------
     0 | D:1      | qw the Gargoyle Fighter began the quest for the Orb.
     0 | D:1      | Reached XP level 1. HP: 14/14 MP: 1/1
     0 | D:1      | 0 ||| qw: Version: 0.3-a-9-g12657ce
     0 | D:1      | 0 ||| qw: Game counter: 1412
     0 | D:1      | 0 ||| qw: Always use a shield: true
     0 | D:1      | 0 ||| qw: God list: Okawaru
     0 | D:1      | 0 ||| qw: Allow faded altars: false
     0 | D:1      | 0 ||| qw: Do Orc after D:15 true
     0 | D:1      | 0 ||| qw: Do second Lair branch before Depths: true
     0 | D:1      | 0 ||| qw: Lair rune preference: random
     0 | D:1      | 0 ||| qw: Plans: Normal, Zot:1-4, Slime:5, God:TSO, Crypt,
                  | Tomb, Abyss, Pan, Hells, Win
     0 | D:1      | 0 ||| PLANNING D:1-11
    88 | D:1      | Reached skill level 2 in Axes
   136 | D:1      | Reached XP level 2. HP: 19/19 MP: 2/2
   625 | D:1      | 625 ||| DROPPING +0 club.
   626 | D:1      | 626 ||| DRINKING 2 grey potions.
   689 | D:2      | Reached skill level 3 in Axes
   689 | D:2      | Reached XP level 3. HP: 19/23 MP: 3/3
   711 | D:2      | Found a radiant altar of Vehumet.
   805 | D:2      | 805 ||| Stepping ~*~*~tactically~*~*~ (hiding).
   879 | D:2      | Found Vual's Antique Weapon Boutique.
   886 | D:2      | 886 ||| SHOPLISTING glowing mace (198 gold, have 91).
  1094 | D:2      | 1094 ||| READING scroll labelled VIAKUR AWINILI.
  1094 | D:2      | Identified a scroll of acquirement
  1094 | D:2      | 1094 ||| ACQUIRING ring of resist corrosion
  1094 | D:2      | Acquired a ring of resist corrosion
  1096 | D:2      | 1096 ||| UPGRADING to ring of resist corrosion.
  1097 | D:2      | 1097 ||| READING scroll labelled CIKLESMOVY.
  1098 | D:2      | 1098 ||| READING scroll labelled FYH CULIGU.
  1155 | D:3      | Reached XP level 4. HP: 15/28 MP: 4/4
  1155 | D:3      | 1155 ||| STAIRDANCE
  1209 | D:3      | 1209 ||| STAIRDANCE
  1220 | D:2      | Reached skill level 4 in Axes
  1294 | D:3      | Found a glowing golden altar of the Shining One.
  1296 | D:3      | 1296 ||| Stepping ~*~*~tactically~*~*~ (stealth).
  1303 | D:3      | 1303 ||| Stepping ~*~*~tactically~*~*~ (stealth).
  1332 | D:3      | 1332 ||| Stepping ~*~*~tactically~*~*~ (stealth).
  1378 | D:3      | 1378 ||| Stepping ~*~*~tactically~*~*~ (stealth).
  1787 | D:3      | Reached XP level 5. HP: 30/32 MP: 5/5
  1811 | D:3      | 1811 ||| Stepping ~*~*~tactically~*~*~ (stealth).
  1811 | D:3      | Noticed Ijyb
  1812 | D:3      | 1812 ||| Stepping ~*~*~tactically~*~*~ (hiding).
  1829 | D:3      | HP: 8/32 [Ijyb/+0 dagger (4)]
  1830 | D:3      | 1830 ||| DRINKING 2 potions of heal wounds.
  1839 | D:3      | Killed Ijyb
  1844 | D:3      | Reached skill level 5 in Axes
  2000 | D:3      | Found a sacrificial altar of Ru.
  2001 | D:3      | Found a basalt altar of Yredelemnul.
  2002 | D:3      | Found a burning altar of Makhleb.
  2032 | D:3      | Found Qyacog Etue's Armour Emporium.
  2032 | D:3      | Noticed a centaur
  2042 | D:3      | Killed a centaur
  2043 | D:3      | Reached XP level 6. HP: 26/39 MP: 6/6
  2098 | D:3      | 2098 ||| BUYING +0 cloak (54 gold).
  2098 | D:3      | Bought a +0 cloak for 54 gold pieces
  2098 | D:3      | 2098 ||| SHOPLISTING +0 plate armour (276 gold, have 105).
  2098 | D:3      | 2098 ||| SHOPLISTING +1 helmet of see invisible (198 gold,
                  | have 105).
  2098 | D:3      | 2098 ||| SHOPLISTING +1 ice dragon scales (804 gold, have
                  | 105).
  2248 | D:3      | Found a blossoming altar of Fedhas.
  2250 | D:3      | Found a bloodstained altar of Trog.
  2251 | D:3      | Found a shadowy altar of Dithmenos.
  2256 | D:3      | Found a broken altar of Ashenzari.
  2264 | D:3      | Found a shimmering altar of Xom.
  2312 | D:3      | 2312 ||| UPGRADING to +0 cloak.
  2317 | D:3      | 2317 ||| READING scroll labelled AFOW ZITHYHIF.
  2318 | D:3      | 2318 ||| READING scroll labelled WUTATHR ENGA.
  2319 | D:3      | 2319 ||| READING scroll labelled PAUNKI TEJEO.
  2320 | D:3      | 2320 ||| READING scroll labelled ELIUKU SIOS.
  2321 | D:3      | 2321 ||| READING scroll labelled SOIHOI JEUMOZI.
  2322 | D:3      | 2322 ||| DRINKING 2 green potions.
  2343 | D:4      | Noticed Edmund
  2348 | D:4      | 2348 ||| STAIRDANCE
  2356 | D:3      | HP: 8/39 [Edmund/+2 dire flail of protection (5)]
  2357 | D:3      | 2357 ||| DRINKING potion of heal wounds.
  2365 | D:3      | HP: 6/39 [Edmund/+2 dire flail of protection (5)]
  2367 | D:3      | Killed from afar by Edmund

Levels and vault maps discovered:
D:1:      shiori_arrival_oz, layout_loops_ring
D:2:      layout_rooms, serial_shops, shop, basic_altar
D:3:      layout_loops_corners, grunt_temple_overflow_open,
          nicolae_tso_besieged_by_evil, serial_shops,
          nicolae_shop_real_fake_doors, uniq_ijyb
D:4:      cheibrodos_fertilizer, layout_layer_cave, slow_altar_2, serial_shops,
          nicolae_shop_gaudy_bauble, uniq_edmund, uniq_eustachio

Skill      XL: |  1  2  3  4  5 |
---------------+----------------+-----
Axes           | 2 3 4 5 |  5.1
Fighting       | 4 |  4.7
Armour         | |  3.2
Dodging        | |  0.1
Shields        | |  3.2

Action                     |  1- 3 |  4- 6 || total
---------------------------+-------+-------++-------
  Melee: War axe           |    95 |   125 ||   220
         Unarmed           |       |    28 ||    28
    Use: Potion            |     1 |     3 ||     4
         Scroll            |     3 |     5 ||     8
   Stab: Confused          |       |     1 ||     1
 Armour: Scale mail        |    52 |    69 ||   121
  Dodge: Dodged            |    46 |    52 ||    98
  Block: Buckler           |    17 |    24 ||    41

Table legend:
 A = Non-vault XP
 B = Vault XP
 C = Vault XP percentage of total XP
 D = Non-vault monster count
 E = Vault monster count
 F = Vault count percentage of total count
                 A         B        C        D         E       F
            +---------+---------+-------+---------+---------+-------
      Total |     350 |      60 |  14.6 |      55 |      13 |  19.1
            +---------+---------+-------+---------+---------+-------
        D:1 |      20 |       4 |  16.7 |      10 |       2 |  16.7
        D:2 |      54 |      11 |  16.9 |      19 |       1 |   5.0
        D:3 |     274 |      45 |  14.1 |      25 |      10 |  28.6
        D:4 |       2 |       0 |   0.0 |       1 |       0 |   0.0
            +---------+---------+-------+---------+---------+-------
